Map: Port Aleksander LE

Players

Sketchaphone - Winner!

  • Race: Zerg Zerg
  • League: Platinum
  • Spawn Location: 5:00

davthehamma

  • Race: Terran Terran
  • League: Platinum
  • Spawn Location: 11:00

VOD

Have the link to the VOD?

Description

Time

  • Played on: Feb. 9, 2019, 2:06 p.m.
  • Length: 6:20
Show
View Real Time Build Order
Export as new Build Order

Sketchaphone Zerg - Winner!

Build Orders: Hatch First 

Get SALT Encoding   

  12  0:02  Drone  
  13  0:13  Overlord  
  13  0:19  Drone  
  14  0:28  Drone, Extractor  
  14  0:34  Drone  
  16  0:36  Drone  
  17  0:59  Drone  
  17  1:01  Hatchery  
  17  1:07  Drone, Extractor  
  17  1:22  Drone  
  17  1:23  Drone  
  19  1:29  Overlord  
  19  1:36  Spawning Pool  
  18  1:46  Drone  
  19  1:55  Drone  
  20  2:04  Drone  
  20  2:22  Metabolic Boost  
  20  2:23  Queen  
  20  2:24  Queen  
  24  2:34  Spine Crawler  
  24  2:35  Drone  
  24  2:36  Drone x2  
  24  2:37  Drone  
  27  2:38  Zergling x2  
  28  2:44  Overlord  
  28  2:48  Drone  
  29  2:55  Drone  
  30  3:14  Queen  
  30  3:15  Queen  
  34  3:23  Drone x2  
  36  3:31  Drone  
  37  3:34  Drone  
  37  3:36  Hatchery  
  37  3:45  Overlord  
  37  3:51  Pneumatized Carapace  
  37  4:07  Queen  
  39  4:13  Overlord  
  39  4:14  Drone x2  
  39  4:15  Drone  
  39  4:16  Drone x2  
  44  4:25  Overlord  
  44  4:28  Overlord  
  44  4:29  Overlord  
  44  4:33  Queen  
  47  4:38  Drone  
  47  4:44  Drone x2  
  49  4:51  Queen  
  52  4:52  Zergling x2  
  52  4:53  Zergling x4  
  52  4:59  Zergling x2  
  56  5:00  Zergling x2  
  56  5:03  Overlord, Drone  
  57  5:07  Extractor  
  57  5:08  Extractor  
  57  5:09  Extractor  
  57  5:12  Evolution Chamber  
  53  5:16  Evolution Chamber  
  52  5:21  Baneling Nest  
  52  5:23  Drone x2  
  52  5:24  Drone x5  
  55  5:50  Drone  
  55  6:10  Spore Crawler  
Show
View Real Time Build Order
Export as new Build Order

davthehamma Terran 

Build Orders:  

Get SALT Encoding   

  12  0:00  SCV  
  13  0:12  SCV  
  14  0:21  Supply Depot  
  14  0:25  SCV  
  15  0:35  Refinery  
  15  0:46  Barracks  
  16  0:50  SCV  
  16  0:55  Refinery  
  16  1:02  SCV  
  17  1:14  SCV  
  18  1:26  SCV  
  19  1:36  Supply Depot  
  19  1:38  Reaper, SCV  
  21  1:52  Orbital Command  
  21  2:06  Factory  
  21  2:18  Marine  
  21  2:19  SCV  
  23  2:31  SCV  
  24  2:43  SCV  
  25  2:47  Supply Depot  
  25  2:51  Factory Tech Lab, Starport  
  25  2:53  Marine  
  25  2:55  SCV  
  27  3:07  SCV  
  28  3:16  Marine  
  29  3:20  Factory Tech Lab, SCV  
  30  3:27  Supply Depot  
  30  3:31  Fusion Core  
  30  3:37  SCV  
  30  3:39  Siege Tank  
  34  4:04  Marine  
  35  4:18  Battlecruiser  
  35  4:22  Supply Depot  
  41  4:28  Command Center  
  41  4:36  Marine  
  42  4:42  Barracks  
  42  4:45  SCV  
  43  4:47  Factory  
  43  4:58  Barracks Tech Lab  
  43  5:03  SCV  
  44  5:15  SCV  
  44  5:19  Engineering Bay  
  45  5:22  Medivac  
  45  5:24  Cyclone  
  50  5:31  Marine x2  
  51  5:49  Marine  
  52  5:50  Factory Tech Lab  
Tags
 
Matchup
TvZ
Replay Pack
init
Spawn Locations
Cross Positions
Add a new tag
Caveats
  • Supply blocks, unpowered buildings, or Contaminate may cause inaccurate times.
  • Supply counts are checked every 10 seconds.